 Dungeon Crawl Stone Soup version 0.28-a0-1594-ga885d4b3d6 (webtiles) character file.

Game seed: 12808749255047762837

56 mordus the Shield-Bearer (level 3, 0/35 HPs)
             Began as a Gnoll Fighter on Jan 20, 2022.
             Succumbed to an adder's poison
             ... on level 1 of the Dungeon.
             The game lasted 00:01:09 (1341 turns).

mordus the Shield-Bearer (Gnoll Fighter)            Turns: 1341, Time: 00:01:10

Health: 0/35       AC: 10    Str: 17    XL:     3   Next: 95%
Magic:  4/4        EV:  7    Int:  7    God:
Gold:   51         SH:  5    Dex: 11    Spells: 4/4 levels left

rFire   . . .      SeeInvis .   a - +0 long sword
rCold   . . .      Faith    .   c - +0 buckler
rNeg    . . .      Spirit   .   l - +0 chain mail
rPois   .          Reflect  .   (no helmet)
rElec   .          Harm     .   (no cloak)
rCorr   .          Rampage  .   (no gloves)
Will    .....                   (no boots)
Stlth   ..........              (no amulet)
HPRegen 0.11/turn               (no ring)
MPRegen 0.09/turn               (no ring)

@: lethally poisoned (0 -> -1)
A: fangs 1, strong nose, distributed training
a: no special abilities


You were on level 1 of the Dungeon.
You visited 1 branch of the dungeon, and saw 2 of its levels.

You collected 51 gold pieces.

Inventory:

Hand Weapons
 a - a +0 long sword (weapon)
Armour
 b - a +0 scale mail
 c - a +0 buckler (worn)
 l - a +0 chain mail (worn)
Jewellery
 j - a ring of willpower
Scrolls
 e - 2 scrolls of magic mapping {unknown}
 f - a scroll of noise {unknown}
 g - 2 scrolls of identify {unknown}
 h - a scroll of fear {unknown}
 i - 2 scrolls of blinking {unknown}
 k - a scroll of teleportation {unknown}
 m - a scroll of vulnerability {unknown}
Potions
 d - a potion of might


   Skills:
 + Level 6.5 Fighting
 + Level 1.0 Short Blades
 + Level 4.6 Long Blades
 + Level 1.0 Axes
 + Level 1.0 Maces & Flails
 + Level 1.0 Polearms
 + Level 1.0 Staves
 + Level 1.0 Slings
 + Level 1.0 Bows
 + Level 1.0 Crossbows
 + Level 1.0 Throwing
 + Level 6.5 Armour
 + Level 1.0 Dodging
 + Level 1.0 Stealth
 + Level 6.5 Shields
 + Level 1.0 Unarmed Combat
 + Level 1.0 Spellcasting
 + Level 0.7 Conjurations
 + Level 0.7 Hexes
 + Level 0.7 Summonings
 + Level 0.7 Necromancy
 + Level 0.7 Translocations
 + Level 0.7 Transmutations
 + Level 0.7 Fire Magic
 + Level 0.7 Ice Magic
 + Level 0.7 Air Magic
 + Level 0.7 Earth Magic
 + Level 0.7 Poison Magic
 + Level 1.0 Invocations
 + Level 1.0 Evocations


You had 4 spell levels left.
You didn't know any spells.
Your spell library was empty.

Dungeon Overview and Level Annotations

Branches:
Dungeon (2/15)

Altars:

Annotations:
D:2 Sigmund


Innate Abilities, Weirdness & Mutations

You have very sharp teeth.
Your uncanny sense of smell can sniff out nearby items.
Your experience applies equally to all skills.


Message History

The adder bites you but does no damage. The adder bites you but does no damage.
The adder bites you but does no damage.
There is a stone staircase leading up here.
The adder bites you but does no damage. x2
You climb upwards.
There is a stone staircase leading down here.
You barely miss the adder. You block the adder's attack.
You hit the adder but do no damage. The adder barely misses you.
The adder bites you.
* * * LOW HITPOINT WARNING * * *
You are poisoned.
The adder poisons you!
You closely miss the adder. You bite the adder, but do no damage.
You feel sick. The adder barely misses you. The adder bites you.
* * * LOW HITPOINT WARNING * * *
You closely miss the adder. Your bite misses the adder.
* * * LOW HITPOINT WARNING * * *
You feel sick. The adder bites you but does no damage.
You slash the adder!
You kill the adder!
* * * LOW HITPOINT WARNING * * *
You feel sick.
Your Short Blades skill increases to level 1!
Your Axes skill increases to level 1!
Your Maces & Flails skill increases to level 1!
Your Polearms skill increases to level 1!
Your Staves skill increases to level 1!
Your Slings skill increases to level 1!
Your Bows skill increases to level 1!
Your Crossbows skill increases to level 1!
Your Throwing skill increases to level 1!
Your Dodging skill increases to level 1!
Your Stealth skill increases to level 1!
Your Unarmed Combat skill increases to level 1!
Your Spellcasting skill increases to level 1!
Your Evocations skill increases to level 1!
There is a lethal amount of poison in your body!
Okay, then.
There is a lethal amount of poison in your body!
You die...

.............'.........'.......#
#######...####.........####...##
### #..## ##.......## ##..# ..#
#.## ###.....## ##.# #.# #.#
#........# #.# #.# #.#
#.###'##.# #.# #.# #.######.#
#.##.# #.# #.# #........###.##.#
#.# #.# #.###.....@..##.# #.#
..# ##.###.#..##...#.# #.# ###
##.#.##.#.........# #.#
#.###...#.###...#########.#
##.#......# #.#...........#
##.####### #...########### ###
#####


There were no monsters in sight!

Vanquished Creatures
  Jessica (D:2)
  An adder (D:1)
  A worm (D:2)
  2 bats
  2 endoplasms (D:1)
  2 goblins (D:1)
  A hobgoblin (D:1)
  A jackal (D:1)
  2 quokkas (D:1)
  A ball python (D:2)
  A kobold (D:1)
  3 rats (D:1)
18 creatures vanquished.

Notes
Turn   | Place    | Note
-------+----------+-------------------------------------------
     0 | D:1      | mordus the Gnoll Fighter began the quest for the Orb.
     0 | D:1      | Reached XP level 1. HP: 23/23 MP: 1/1
    28 | D:1      | Found a faded altar of an unknown god.
   362 | D:1      | Reached XP level 2. HP: 28/29 MP: 2/2
   944 | D:2      | Noticed Jessica
   956 | D:2      | Killed Jessica
   957 | D:2      | Reached skill level 1 in Invocations
   957 | D:2      | Reached XP level 3. HP: 15/35 MP: 2/4
  1285 | D:2      | Noticed Sigmund
  1340 | D:1      | HP: 1/35 [poisoned by an adder]
  1341 | D:1      | Reached skill level 1 in Short Blades
  1341 | D:1      | Reached skill level 1 in Axes
  1341 | D:1      | Reached skill level 1 in Maces & Flails
  1341 | D:1      | Reached skill level 1 in Polearms
  1341 | D:1      | Reached skill level 1 in Staves
  1341 | D:1      | Reached skill level 1 in Slings
  1341 | D:1      | Reached skill level 1 in Bows
  1341 | D:1      | Reached skill level 1 in Crossbows
  1341 | D:1      | Reached skill level 1 in Throwing
  1341 | D:1      | Reached skill level 1 in Dodging
  1341 | D:1      | Reached skill level 1 in Stealth
  1341 | D:1      | Reached skill level 1 in Unarmed Combat
  1341 | D:1      | Reached skill level 1 in Spellcasting
  1341 | D:1      | Reached skill level 1 in Evocations
  1341 | D:1      | Succumbed to an adder's poison

Illustrated notes

Levels and vault maps discovered:
D:1:      erik_arrival_triangle_small, layout_loops_corners,
          hellmonk_ecumenical_altar_crossroads, minmay_small_reverse_x
D:2:      minmay_diamond_boxcup, layout_basic, uniq_jessica, uniq_sigmund

Skill      XL: |  1  2  3 |
---------------+----------+-----
Invocations    | 1 |  1.0
Short Blades   | 1 |  1.0
Axes           | 1 |  1.0
Maces & Flails | 1 |  1.0
Polearms       | 1 |  1.0
Staves         | 1 |  1.0
Slings         | 1 |  1.0
Bows           | 1 |  1.0
Crossbows      | 1 |  1.0
Throwing       | 1 |  1.0
Dodging        | 1 |  1.0
Stealth        | 1 |  1.0
Unarmed Combat | 1 |  1.0
Spellcasting   | 1 |  1.0
Evocations     | 1 |  1.0
Fighting       | |  6.5
Long Blades    | |  4.6
Armour         | |  6.5
Shields        | |  6.5
Conjurations   | |  0.7
Hexes          | |  0.7
Summonings     | |  0.7
Necromancy     | |  0.7
Translocations | |  0.7
Transmutations | |  0.7
Fire Magic     | |  0.7
Ice Magic      | |  0.7
Air Magic      | |  0.7
Earth Magic    | |  0.7
Poison Magic   | |  0.7

Action                   || total
-------------------------++-------
Melee: Long sword        ||    63
       Bite              ||     7
Armor: Scale mail        ||    11
       Chain mail        ||    34
Dodge: Dodged            ||    22
Block: Buckler           ||    18

Table legend: (Time is in decaauts)
 A = Elapsed time spent in this place.
 B = Non-inter-level travel time spent in this place.
 C = Inter-level travel time spent in this place.
 D = Time resting spent in this place.
 E = Time spent auto-exploring this place.
 F = Levels seen in this place.
 G = Mean time per level.
                   A        B        C        D        E       F      G
               +--------+--------+--------+--------+--------+-----+--------+
         Total |   1354 |   1326 |     28 |    181 |    887 |   2 |  677.0 |
       Dungeon |   1354 |   1326 |     28 |    181 |    887 |   2 |  677.0 |
               +--------+--------+--------+--------+--------+-----+--------+

Top non-repeatable levels by time:
     D:1: 958 daAuts
     D:2: 395 daAuts
